 Dungeon Crawl Stone Soup version 0.22-a0-480-g991dd4b (webtiles) character file.

88835 Laiders72 the Basher (level 15, -6/151 HPs)
             Began as a Deep Dwarf Fighter on June 15, 2018.
             Was the Champion of Makhleb.
             Mangled by a swamp worm (10 damage)
             ... on level 3 of the Swamp on June 16, 2018.
             The game lasted 01:24:18 (22148 turns).

Laiders72 the Basher (Deep Dwarf Fighter)          Turns: 22148, Time: 01:24:18

Health: -6/151     AC: 23    Str: 27    XL:     15   Next: 47%
Magic:  0/0        EV: 11    Int: 14    God:    Makhleb [******]
Gold:   531        SH: 14    Dex: 16    Spells: 14/14 levels left

rFire    + . .     SeeInvis .   r - +5 morningstar of Muoxi {protect, rN+ MR+ Int+4 Stlth+}
rCold    . . .     Gourm    .   c - +0 shield
rNeg     + + .     Faith    .   y - +1 plate armour {rF+}
rPois    .         Spirit   .   o - +0 helmet
rElec    .         Reflect  .   B - +2 cloak
rCorr    .         Harm     .   P - +0 pair of gloves
MR       ++++.                  L - +0 pair of boots
Stlth    ..........             (no amulet)
HPRegen  0.00/turn              l - ring of protection from magic
MPRegen  0.07/turn              w - +6 ring of strength

@: very slightly contaminated, non-regenerating, drained, very slow
A: damage resistance, heal wounds, negative energy resistance 1, sense
surroundings 2, no regeneration
a: Heal Wounds, Minor Destruction, Lesser Servant of Makhleb, Major Destruction,
Greater Servant of Makhleb, Renounce Religion


You were on level 3 of the Swamp.
You worshipped Makhleb.
Makhleb was exalted by your worship.
You were not hungry.

You visited 4 branches of the dungeon, and saw 24 of its levels.
You also visited: Sewer.

You collected 2114 gold pieces.
You spent 1583 gold pieces at shops.

Inventory:

Hand Weapons
 r - the +5 morningstar of Muoxi (weapon) {protect, rN+ MR+ Int+4 Stlth+}
   (You found it on level 3 of the Swamp)

   It protects the one who uses it against injury (+AC on strike).
   It affects your intelligence (+4).
   It protects you from negative energy.
   It affects your resistance to hostile enchantments.
   It makes you more stealthy.
Missiles
 G - 37 tomahawks (quivered)
 Q - a throwing net
Armour
 c - a +0 shield (worn)
 o - a +0 helmet (worn)
 y - a +1 plate armour of fire resistance (worn)
 B - a +2 cloak (worn)
 L - a +0 pair of boots (worn)
 P - a +0 pair of gloves (worn)
Jewellery
 l - a ring of protection from magic (left hand)
 t - an uncursed ring of protection from cold
 w - a +6 ring of strength (right hand)
 x - an uncursed ring of resist corrosion
 F - a +4 ring of evasion
 S - an uncursed ring of flight {unknown}
Wands
 d - a wand of polymorph (29)
 h - a wand of flame (76)
 m - a wand of paralysis (17)
 p - a wand of iceblast (14)
 E - a wand of acid (11)
 N - a wand of disintegration (21)
Scrolls
 b - 7 scrolls of teleportation
 i - 11 scrolls of remove curse
 j - 3 scrolls of magic mapping
 q - 4 scrolls of fog
 z - 4 scrolls of fear
 D - a scroll of acquirement {unknown}
 H - 9 scrolls of identify
 M - 2 scrolls of enchant armour
 O - a scroll of immolation {unknown}
 R - 3 scrolls of enchant weapon
Potions
 e - 7 potions of curing
 g - a potion of invisibility
 k - 6 potions of lignification
 n - 3 potions of brilliance
 s - 2 potions of magic
 v - a potion of resistance
 A - 5 potions of haste
 C - 8 potions of flight
 I - a potion of berserk rage
 J - 2 potions of cancellation
 K - 2 potions of agility
Comestibles
 a - a chunk of flesh
 f - 42 rations


   Skills:
 - Level 14.0(13.9) Fighting
 + Level 14.4 Maces & Flails
 - Level 10.3(10.2) Armour
 + Level 6.7 Dodging
 + Level 13.1(13.0) Shields
 - Level 10.0(9.9) Invocations
 + Level 8.1(8.0) Evocations


You had 14 spell levels left.
You didn't know any spells.
Your spell library contained the following spells:

 Spells                   Type           Power        Failure   Level  Hunger
 Cause Fear               Hex            #.........   100%        4    #####..
 Fireball                 Conj/Fire      #.........   100%        5    ######.
 Bolt of Fire             Conj/Fire      #.........   100%        6    #######
 Lightning Bolt           Conj/Air       #.........   100%        5    ######.
 Invisibility             Hex            #.......     100%        6    #######
 Ring of Flames           Chrm/Fire      #.........   100%        7    #######
 Summon Small Mammal      Summ           #...         97%         1    ##.....
 Animate Dead             Necr           N/A          100%        4    #####..
 Summon Ice Beast         Ice/Summ       #.......     100%        4    #####..
 Call Imp                 Summ           #.......     99%         2    ###....
 Shock                    Conj/Air       #...         97%         1    ##.....
 Swiftness                Chrm/Air       #.......     99%         2    ###....
 Recall                   Summ/Tloc      N/A          100%        3    ####...
 Spider Form              Tmut/Pois      #.........   100%        3    ####...
 Blade Hands              Tmut           #.........   100%        5    ######.
 Statue Form              Tmut/Erth      #........    100%        6    #######
 Ice Form                 Ice/Tmut       #.......     100%        4    #####..
 Dragon Form              Tmut           #.........   100%        7    #######
 Death Channel            Necr           #.........   100%        6    #######
 Deflect Missiles         Chrm/Air       #.........   100%        6    #######
 Airstrike                Air            #.........   100%        4    #####..
 Passwall                 Tmut/Erth      #.......     99%         2    ###....
 Ignite Poison            Fire/Tmut/Pois #.......     100%        3    ####...
 Sticks to Snakes         Tmut           #.......     99%         2    ###....
 Call Canine Familiar     Summ           #.......     100%        3    ####...
 Silence                  Hex/Air        #.........   100%        5    ######.
 Static Discharge         Conj/Air       #.......     100%        3    ####...
 Lee's Rapid Deconstruct  Erth           #.........   100%        5    ######.
 Simulacrum               Ice/Necr       #.........   100%        6    #######
 Passage of Golubria      Tloc           N/A          100%        4    #####..
 Darkness                 Hex            #.........   100%        6    #######
 Beastly Appendage        Tmut           #.....       97%         1    ##.....
 Discord                  Hex            #.........   100%        8    #######
 Summon Lightning Spire   Summ/Air       #.......     100%        4    #####..
 Summon Guardian Golem    Hex/Summ       #.......     100%        3    ####...
 Hydra Form               Tmut           #.........   100%        6    #######
 Irradiate                Conj/Tmut      #.........   100%        5    ######.
 Yara's Violent Unravell  Hex/Tmut       #.........   100%        5    ######.
 Ignition                 Fire           #.........   100%        8    #######
 Borgnjor's Vile Clutch   Necr/Erth      #.........   100%        5    ######.


Dungeon Overview and Level Annotations

Branches:
Dungeon (13/15)            Temple (0/1) D:7            Lair (6/6) D:8
  Swamp (3/4) Lair:3        Snake (0/4) Lair:2        Slime (0/5) Lair:6
    Orc (2/2) D:9             Elf (0/3) Orc:2
 Vaults: D:13-14

Altars:
Cheibriados
Elyvilon
Fedhas
Hepliaklqana
Makhleb
Okawaru
Trog
Uskayaw
Vehumet
Wu Jian
Yredelemnul
Zin
The Shining One
Beogh
Jiyva

Shops:
Orc:2 ***?

Portals:
Trove: D:10 (give 2 scrolls of acquirement)
Ice
Cave: D:13

Annotations:
D:12 Frances
Lair:2 exclusion: oklob plant
Lair:5 Urug


Innate Abilities, Weirdness & Mutations

You are resistant to damage.
You can heal yourself by infusing magical energy.
You resist negative energy. (rN+)
You passively map the area around you.
You do not regenerate.


Message History

As you read the scroll of blinking, it crumbles to dust.
You don't know any spells.
You don't have enough health at the moment.
Okay, then.
You enter the shallow water.
Moving in this stuff is going to be slow.
The spectral seven-headed hydra fades away!
You feel better.
The swamp worm throws harpoon shot at you.
The harpoon shot hits you!
* * * LOW HITPOINT WARNING * * *
You are yanked forward by the harpoon shot.
The swamp worm bites you.
The ghost crab bites you but does no damage.
You block the ghost crab's attack. You block the swamp worm's attack.
You enter the shallow water.
Moving in this stuff is going to be slow.
You block the ghost crab's attack. The ghost crab closely misses you.
The swamp worm bites you!
You die...

* ≈≈≈≈...≈≈≈§Z§.≈..♣
*♣...≈ ≈
≈≈≈≈♣§.♣.≈≈.≈.≈...♣ ♣.≈.
≈≈≈≈≈≈≈≈≈§≈.≈♣≈≈♣ ♣♣.♣
≈, ≈.♣≈≈≈≈.≈.≈≈♣≈♣≈♣ ♣♣♣
≈ ≈, ....♣.....§♣♣≈≈.♣
♣. , ≈.....≈≈≈≈≈≈≈≈≈.♣
♣♣ , ,≈
≈≈≈.≈....≈≈.≈...♣ ♣ *
≈....≈≈≈≈.≈≈≈≈≈≈♣ ♣ *
≈≈≈≈....≈t@...≈≈♣ ♣♣ *
.≈[≈≈≈≈≈≈w.≈≈≈≈.♣♣ ♣. *
.≈...≈.§≈.t..≈≈..♣♣ ♣♣≈
, *
♣≈≈≈≈≈.≈.....≈≈≈≈≈♣♣♣♣
♣.≈ *
≈≈♣.≈.......≈≈..♣.♣♣♣♣.≈
≈ ≈,
≈≈≈≈........≈≈...†.....≈
≈ ,
≈.......§.≈..≈.....†..≈)
,
.≈≈.≈≈..≈≈..≈≈§..≈≈.....
, ,
♣.≈.≈....≈.≈.....≈..≈≈≈.


You could see an alligator, a ghost crab and a swamp worm.

Vanquished Creatures
  Donald (Swamp:1)
  2 orc warlords
  An ettin (Orc:2)
  Josephine (Lair:5)
  9 hydras
  Erica (Lair:1)
  4 alligators
  A queen ant (Lair:2)
  A two-headed ogre (D:10)
  An orc high priest (Orc:2)
  Sonja (Lair:3)
  2 swamp dragons
  A shambling mangrove (Swamp:3)
  2 lindwurms
  6 orc knights
  2 cyclopes (D:11)
  4 orc sorcerers (Orc:2)
  The ghost of Thaneod the Chopper, a novice GrSu (D:6)
  9 elephants
  Maurice (D:8)
  8 black mambas
  18 spiny frogs
  2 centaur skeletons
  A gargoyle (D:10)
  A rime drake (Lair:1)
  5 komodo dragons
  3 trolls
  4 polar bears (Lair:6)
  6 hornets
  5 slime creatures (Swamp:1)
  Grinder (D:3)
  7 tyrant leeches
  15 blink frogs
  5 bog bodies
  6 hippogriffs
  10 dream sheep
  A shadow (D:9)
  15 spriggans
  6 wraiths
  Sigmund (D:3)
  49 yaks
  A wyvern (Lair:3)
  4 hungry ghosts
  9 basilisks
  9 vampire mosquitoes
  2 steam dragons (D:7)
  12 insubstantial wisps
  5 soldier ants
  6 wargs
  9 swamp worms
  10 porcupines
  A swamp worm (shapeshifter) (D:9)
  15 water moccasins
  Purgy (Sewer)
  A swamp drake (Swamp:2)
  9 ice beasts
  A sky beast (D:11)
  3 black bears
  29 orc warriors
  A phantom (D:5)
  2 necrophages
  16 ogres
  2 eyes of draining
  22 wolves
  4 boggarts
  8 centaurs
  12 crocodiles
  6 big kobolds
  13 bullfrogs
  6 scorpions
  6 killer bees (D:4)
  A water moccasin skeleton (D:5)
  3 vampire bats (Lair:6)
  3 wights (D:7)
  2 howler monkeys
  2 electric eels
  3 bullfrog zombies
  4 crimson imps
  7 hounds
  13 orc priests
  3 jellies
  22 orc wizards
  2 iguanas
  2 hell rats (Lair:4)
  19 worker ants
  A hound zombie (D:6)
  Robin (D:3)
  A worker ant zombie (D:10)
  11 gnolls
  10 river rats
  24 adders
  4 shadow imps
  2 oozes
  An adder skeleton (D:8)
  3 worms
  3 dart slugs
  3 leopard geckos
  78 orcs
  6 giant cockroaches
  20 goblins
  6 hobgoblins
  29 jackals
  20 kobolds
  7 quokkas
  2 ball pythons
  12 bats
  12 frilled lizards
  A quokka zombie (D:8)
  12 rats
800 creatures vanquished.

Vanquished Creatures (collateral kills)
  A tentacled monstrosity (Swamp:2)
  An orc warlord (Orc:2)
  An alligator (Swamp:2)
  2 orc high priests (Orc:2)
  A swamp dragon (Swamp:1)
  An orc knight (Orc:2)
  An orc sorcerer (Orc:2)
  A spiny frog (Lair:6)
  3 hornets
  2 spriggans
  A water moccasin (Lair:6)
  5 orc warriors (Orc:2)
  3 orc priests (Orc:2)
  5 orc wizards (Orc:2)
  4 gnolls (Orc:2)
  6 orcs (Orc:2)
38 creatures vanquished.

Vanquished Creatures (others)
  A tyrant leech (Swamp:3)
  4 necrophages (Swamp:2)
  An orc priest (Orc:2)
  5 orcs
  23 fungi
  4 plants
38 creatures vanquished.

Grand Total: 876 creatures vanquished

Notes
Turn   | Place    | Note
-------+----------+-------------------------------------------
     0 | D:1      | Laiders72 the Deep Dwarf Fighter began the quest for the Orb.
     0 | D:1      | Reached XP level 1. HP: 20/20 MP: 1/1
   108 | D:1      | Reached XP level 2. HP: 16/27 MP: 2/2
   844 | D:2      | Reached XP level 3. HP: 34/34 MP: 3/3
  1145 | D:2      | Reached XP level 4. HP: 38/42 MP: 4/4
  1232 | D:2      | Found an iron altar of Okawaru.
  1537 | D:3      | Noticed Robin
  1575 | D:3      | Killed Robin
  1620 | D:3      | Reached XP level 5. HP: 57/57 MP: 5/5
  1633 | D:3      | Noticed Sigmund
  1643 | D:3      | Killed Sigmund
  1643 | D:3      | Reached XP level 6. HP: 41/66 MP: 6/6
  1874 | D:3      | Noticed Grinder
  1882 | D:3      | Paralysed by Grinder for 3 turns
  1900 | D:3      | Paralysed by Grinder for 7 turns
  1911 | D:3      | Killed Grinder
  1911 | D:3      | Reached XP level 7. HP: 49/72 MP: 6/6
  2433 | D:3      | Found a basalt altar of Yredelemnul.
  2437 | D:3      | Found a radiant altar of Vehumet.
  2448 | D:3      | Found a hazy altar of Hepliaklqana.
  2511 | D:4      | Found a glowing silver altar of Zin.
  2511 | D:4      | Found a white marble altar of Elyvilon.
  2512 | D:4      | Found a glowing golden altar of the Shining One.
  2994 | D:4      | Found a hide-covered altar of Uskayaw.
  2994 | D:4      | Found a snail-covered altar of Cheibriados.
  2998 | D:4      | Found a bloodstained altar of Trog.
  2999 | D:4      | Found an ornate altar of the Wu Jian Council.
  3247 | D:4      | Found a burning altar of Makhleb.
  3266 | D:4      | Became a worshipper of Makhleb the Destroyer
  3304 | D:4      | Reached XP level 8. HP: 52/81 MP: 6/6
  3586 | D:5      | Entered Level 5 of the Dungeon
  4288 | D:5      | Found a bloodstained altar of Trog.
  4291 | D:5      | Reached * piety under Makhleb
  4596 | D:6      | Noticed Thaneod's ghost (novice GrSu)
  4629 | D:6      | Killed Thaneod's ghost
  4629 | D:6      | Gained mutation: You passively map the area around you. [Deep Dwarf growth]
  4629 | D:6      | Reached XP level 9. HP: 44/88 MP: 7/7
  4777 | D:6      | Found a glowing drain.
  4782 | Sewer    | Entered a sewer
  4813 | Sewer    | Noticed Purgy
  4826 | Sewer    | Killed Purgy
  5238 | D:6      | Reached ** piety under Makhleb
  5315 | D:6      | Found a blossoming altar of Fedhas.
  6170 | D:7      | Found a staircase to the Ecumenical Temple.
  6541 | D:7      | Reached *** piety under Makhleb
  6770 | D:8      | Reached XP level 10. HP: 88/99 MP: 7/7
  6864 | D:8      | Noticed Maurice
  6876 | D:8      | Killed Maurice
  7159 | D:8      | Found a staircase to the Lair.
  7190 | D:8      | Noticed a three-headed hydra
  7239 | D:8      | Killed a three-headed hydra
  7239 | D:8      | Reached skill level 10 in Maces & Flails
  8013 | D:9      | Found a staircase to the Orcish Mines.
  8082 | D:9      | Found a roughly hewn altar of Beogh.
  8137 | D:9      | Noticed a lindwurm
  8137 | D:9      | a jumping spider changed into a lindwurm
  8152 | D:9      | a lindwurm changed into a swamp worm
  8259 | D:10     | Entered Level 10 of the Dungeon
  8269 | D:10     | Noticed a gargoyle
  8392 | D:10     | Reached **** piety under Makhleb
  8693 | D:10     | Reached XP level 11. HP: 107/108 MP: 5/5
  8985 | D:10     | Reached skill level 10 in Fighting
  9045 | D:10     | Found a portal to a secret trove of treasure.
  9081 | D:11     | Noticed a two-headed ogre
  9116 | D:10     | Killed a two-headed ogre
  9150 | D:11     | Noticed a four-headed hydra
  9211 | D:10     | Killed a four-headed hydra
  9333 | D:11     | Reached ***** piety under Makhleb
  9372 | D:11     | You fall through a shaft for 2 floors!
  9422 | D:13     | Found a frozen archway.
  9608 | D:12     | Noticed Frances
 10434 | Lair:1   | Entered Level 1 of the Lair of Beasts
 10588 | Lair:1   | Reached XP level 12. HP: 73/120 MP: 5/5
 10800 | Lair:1   | Noticed Erica
 10809 | Lair:1   | Killed Erica
 11432 | Lair:2   | Reached skill level 10 in Armour
 11499 | Lair:2   | Reached skill level 10 in Shields
 11613 | Lair:2   | Found a staircase to the Snake Pit.
 11855 | Lair:2   | Noticed a queen ant
 11874 | Lair:2   | Killed a queen ant
 12311 | Lair:3   | Noticed Sonja
 12349 | Lair:3   | Noticed a four-headed hydra
 12369 | Lair:3   | Killed a four-headed hydra
 12407 | Lair:3   | Reached skill level 1 in Invocations
 12413 | Lair:3   | Reached ****** piety under Makhleb
 12609 | Lair:3   | Found a staircase to the Swamp.
 12780 | Lair:3   | Reached XP level 13. HP: 112/129 MP: 6/6
 13018 | Lair:3   | Killed Sonja
 14052 | Lair:5   | Noticed Josephine
 14070 | Lair:5   | Killed Josephine
 14112 | Lair:5   | Noticed Urug
 14251 | Lair:5   | Reached skill level 5 in Invocations
 15013 | Lair:6   | Entered Level 6 of the Lair of Beasts
 15158 | Lair:5   | Gained mutation: You resist negative energy. (rN+) [Deep Dwarf growth]
 15158 | Lair:5   | Reached XP level 14. HP: 71/141 MP: 8/8
 15281 | Lair:6   | Reached skill level 1 in Evocations
 15321 | Lair:6   | Found a viscous altar of Jiyva.
 15321 | Lair:6   | Found a staircase to the Slime Pits.
 15415 | Lair:6   | Reached skill level 1 in Dodging
 15531 | Lair:6   | Paralysed by a hornet for 1 turns
 16734 | Orc:1    | Entered Level 1 of the Orcish Mines
 16766 | Orc:1    | Noticed an orc warlord
 16792 | Orc:1    | Killed an orc warlord
 17010 | Orc:2    | Entered Level 2 of the Orcish Mines
 17542 | Orc:1    | Noticed an orc warlord
 18089 | Orc:2    | Found a staircase to the Elven Halls.
 18118 | Orc:2    | Noticed an orc warlord
 18381 | Orc:2    | Killed an orc warlord
 18381 | Orc:2    | Reached skill level 5 in Evocations
 18865 | Orc:2    | Found Vykicel's Magic Scroll Shoppe.
 18865 | Orc:2    | Found Qioqe's Assorted Antiques.
 18868 | Orc:2    | Found Efuhur's Assorted Antiques.
 18868 | Orc:2    | Found Oreodip's Assorted Antiques.
 18888 | Orc:2    | Bought a scroll of teleportation for 99 gold pieces
 18893 | Orc:2    | Bought a scroll of torment for 90 gold pieces
 18901 | Orc:2    | Bought a scroll of teleportation for 36 gold pieces
 18901 | Orc:2    | Bought a scroll of enchant weapon for 90 gold pieces
 18901 | Orc:2    | Bought a scroll of enchant weapon for 90 gold pieces
 18905 | Orc:2    | Bought a potion of heal wounds for 160 gold pieces
 18905 | Orc:2    | Bought a potion of heal wounds for 160 gold pieces
 18906 | Orc:2    | Bought a shiny plate armour for 858 gold pieces
 19793 | Orc:2    | Killed an orc warlord
 20051 | Orc:1    | Reached skill level 5 in Dodging
 20174 | Swamp:1  | Entered Level 1 of the Swamp
 20211 | Swamp:1  | Noticed Donald
 20241 | Swamp:1  | Killed Donald
 20370 | Swamp:1  | Reached XP level 15. HP: 50/151 MP: 1/1
 21001 | Swamp:2  | Noticed a tentacled monstrosity
 21038 | Swamp:2  | Killed a tentacled monstrosity
 21876 | Swamp:3  | Reached skill level 10 in Invocations
 21928 | Swamp:3  | Got an encrusted morningstar
 21929 | Swamp:3  | Identified the +5 morningstar of Muoxi {protect, rN+ MR+ Int+4 Stlth+} (You found it on level 3 of the Swamp)
 22136 | Swamp:3  | HP: 7/150 [swamp worm/harpoon shot (20)]
 22138 | Swamp:3  | HP: 1/150 [ghost crab (4)]
 22146 | Swamp:3  | HP: 4/151 [swamp worm/harpoon shot (2)]
 22148 | Swamp:3  | Mangled by a swamp worm

Vault maps used:
D:1:      elethiomel_arrival_quiet, minmay_pentomino_w4
D:2:      nicolae_overflow_crystal_walls, minmay_stone_trees_small
D:3:      minmay_overflow_temple_star_quad, uniq_sigmund, uniq_robin,
          uniq_grinder
D:4:      good_gods_mini_temple, minitemple, first_ration,
          makhleb_heckhound_becter
D:5:      trog_butcher_becter
D:6:      overflow_temple_1_default, gup_sewer_entry_bowl
D:7:      kennysheep_steamy, minmay_temple_entry_grid
D:8:      lair_entry_dummy, hangedman_ranch, grunt_ministairs_6, uniq_maurice
D:9:      minmay_bloctagon_deflated, minmay_orc_entry_temple_small
D:10:     enter_trove_3
D:11:     kennysheep_doodads, grunt_ministairs_8, serial_bayou_ford_a
D:12:     minmay_opposing_rooms, serial_shops, shop, uniq_frances
D:13:     kennysheep_four_of_diamonds, portal_ice_cave_entry_ice_beasts,
          special_room, serial_bayou_pond_c
Lair:1:   serial_bayou_shore_a, grunt_megastairs_4, uniq_erica
Lair:2:   minmay_snake_entry_six_corridors, minmay_another_anthill,
          minmay_lair_oklob_chamber
Lair:3:   swamp_mist, grunt_megastairs_1, uniq_sonja
Lair:4:   kennysheep_rathole, grunt_megastairs_2, infiniplex_staircase_pool,
          serial_bayou_shore_b
Lair:5:   nicolae_quartered_pool_super, beast_lair_carwin_9, lemuel_fruit_tree,
          uniq_josephine, uniq_urug
Lair:6:   minmay_lair_end_enchanted_forest, slime_altar_1, roderic_batcave,
          kennysheep_basilisk_garden, lemuel_fruit_fields
Swamp:1:  evilmike_swamp_ruin_house_1, swamp_pool1, uniq_donald
Swamp:2:  serial_swamp_ruin, evilmike_swamp_ruin_house_2,
          evilmike_swamp_ruin_house_4, evilmike_swamp_ruin_rubble_2,
          roderic_carrion_pond
Swamp:3:  nicolae_swamp_round_clearing, swamp_pool1
Orc:2:    grunt_orc_tribal_feast
Sewer:    sewer_co_purgy_island

Skill      XL: |  1  2  3  4  5  6  7  8  9 10 11 12 13 14 15 |
---------------+----------------------------------------------+-----
Fighting       | 3 7 8 9 11 12 13 14 | 14.0
Maces & Flails | 7 8 9 10 11 12 14 | 14.4
Armour         | 6 7 8 9 10 | 10.3
Shields        | 6 7 8 9 10 11 12 13 | 13.1
Invocations    | 2 6 9 10 | 10.0
Evocations     | 6 8 |  8.1
Dodging        | 5 6 |  6.7

Action                   |  1- 3 |  4- 6 |  7- 9 | 10-12 | 13-15 || total
-------------------------+-------+-------+-------+-------+-------++-------
Melee: Flail             |   199 |   154 |   247 |  1050 |  1612 ||  3262
       Unarmed           |       |     5 |       |       |       ||     5
       Mace              |       |       |   347 |   125 |       ||   472
       Morningstar       |       |       |       |       |   467 ||   467
Invok: Lesser Servant of |       |       |       |       |    37 ||    37
 Abil: Heal Wounds       |     2 |     2 |     9 |    19 |    48 ||    80
Evoke: Wand              |       |       |       |       |     1 ||     1
  Use: Scroll            |       |     5 |     6 |    11 |    12 ||    34
       Potion            |       |     3 |       |     7 |    13 ||    23
 Stab: Distracted        |       |       |       |       |     9 ||     9
  Eat: Chunk             |     1 |     3 |    18 |    24 |    24 ||    70
       Ration            |       |       |     1 |       |     3 ||     4
Armor: Scale mail        |    36 |       |       |       |       ||    36
       Chain mail        |   112 |    70 |       |       |       ||   182
       Plate armour      |       |    24 |   407 |   684 |  1286 ||  2401
Dodge: Dodged            |    47 |    38 |   143 |   279 |   805 ||  1312
Block: Shield            |   145 |    78 |   422 |   860 |  1866 ||  3371

Table legend:
 A = Spawn XP
 B = Non-spawn XP
 C = Spawn XP percentage of total XP
 D = Spawn monster count
 E = Non-spawn monster count
 F = Spawn count percentage of total count
 G = Total turns spent on level
                    A         B        C        D         E        F      G
               +---------+---------+-------+---------+---------+-------+---------
         Total |       0 |  126741 |   0.0 |       0 |     841 |   0.0 | 22148
               +---------+---------+-------+---------+---------+-------+---------
           D:1 |       0 |      37 |   0.0 |       0 |      20 |   0.0 |   778
           D:2 |       0 |      93 |   0.0 |       0 |      30 |   0.0 |   756
           D:3 |       0 |     641 |   0.0 |       0 |      38 |   0.0 |   948
           D:4 |       0 |     852 |   0.0 |       0 |      36 |   0.0 |  1104
           D:5 |       0 |     499 |   0.0 |       0 |      17 |   0.0 |   912
           D:6 |       0 |    1351 |   0.0 |       0 |      24 |   0.0 |  1314
           D:7 |       0 |    1293 |   0.0 |       0 |      29 |   0.0 |   750
           D:8 |       0 |    4072 |   0.0 |       0 |      26 |   0.0 |   926
           D:9 |       0 |    1406 |   0.0 |       0 |      21 |   0.0 |   813
          D:10 |       0 |    5165 |   0.0 |       0 |      39 |   0.0 |   896
          D:11 |       0 |    2899 |   0.0 |       0 |      29 |   0.0 |   932
          D:12 |       0 |     965 |   0.0 |       0 |       8 |   0.0 |   134
          D:13 |       0 |    1356 |   0.0 |       0 |      11 |   0.0 |   112
        Lair:1 |       0 |    4304 |   0.0 |       0 |      17 |   0.0 |   970
        Lair:2 |       0 |    7282 |   0.0 |       0 |      53 |   0.0 |   961
        Lair:3 |       0 |    7700 |   0.0 |       0 |      30 |   0.0 |   858
        Lair:4 |       0 |    5772 |   0.0 |       0 |      25 |   0.0 |   745
        Lair:5 |       0 |   17083 |   0.0 |       0 |      61 |   0.0 |  1292
        Lair:6 |       0 |   15659 |   0.0 |       0 |      84 |   0.0 |  1462
       Swamp:1 |       0 |    8142 |   0.0 |       0 |      23 |   0.0 |   759
       Swamp:2 |       0 |   12145 |   0.0 |       0 |      34 |   0.0 |   907
       Swamp:3 |       0 |    7797 |   0.0 |       0 |      24 |   0.0 |   308
         Orc:1 |       0 |    4783 |   0.0 |       0 |      46 |   0.0 |   687
         Orc:2 |       0 |   15296 |   0.0 |       0 |     108 |   0.0 |  2641
         Sewer |       0 |     149 |   0.0 |       0 |       8 |   0.0 |   183
               +---------+---------+-------+---------+---------+-------+---------
